 Dungeon Crawl Stone Soup version 0.30.0-20-g3615ddf2f0 (webtiles) character file.

Game seed: 18027145710400712085

641 qw the Chopper (level 7, 44/44 HPs)
             Began as a Gargoyle Fighter on May 27, 2023.
             Quit the game on level 5 of the Dungeon.
             The game lasted 00:06:15 (4234 turns).

qw the Chopper (Gargoyle Fighter)                   Turns: 4234, Time: 00:06:16

Health: 44/44      AC: 15    Str: 21    XL:     7   Next: 51%
Magic:  7/7        EV:  7    Int: 12    God:
Gold:   162        SH: 11    Dex:  8    Spells: 6/6 levels left

rFire   . . .        Y - +0 war axe
rCold   . . .        h - +0 tower shield
rNeg    + . .        b - +0 scale mail
rPois   inf          (no helmet)
rElec   +            (no cloak)
rCorr   .            (no gloves)
SInv    .            (no boots)
Will    .....        s - amulet of guardian spirit Stlth
                     l - +4 ring of protection
HPRegen 0.27/turn    (no ring)
MPRegen 0.10/turn

%: guardian spirit
@: no status effects
A: sickness immunity, AC +4, negative energy resistance 1, electricity
resistance, torment resistance 1, petrification resistance, hooves 1, clever 1,
wild magic 1
a: no special abilities


You were on level 5 of the Dungeon.
You visited 1 branch of the dungeon, and saw 6 of its levels.

You collected 190 gold pieces.
You spent 28 gold pieces at shops.


Innate Abilities, Weirdness & Mutations

You are immune to sickness and miasma.
Your stone body is resilient. (AC +4)
You are immune to poison.
You resist negative energy. (rN+)
You are resistant to electric shocks. (rElec)
You are resistant to unholy torment.
You are immune to petrification.
You have large cloven feet.
Your mind is acute. (Int +4, Str/Dex -1)
Your spells are a little harder to cast, but a little more powerful.


   Skills:
 - Level 4.3 Fighting
 - Level 6.7 Axes
 - Level 1.0 Throwing
 - Level 3.2 Armour
 - Level 1.2 Dodging
 + Level 3.2 Shields


You had 6 spell levels left.
You didn't know any spells.
Your spell library was empty.

Inventory:

Hand Weapons
 g - a +0 flail
 Y - a +0 war axe (weapon)
Missiles
 f - 2 silver boomerangs (quivered)
 i - 14 boomerangs
Armour
 b - a +0 scale mail (worn)
 h - a +0 tower shield (worn)
Jewellery
 l - a +4 ring of protection (left hand)
 s - an amulet of guardian spirit (around neck)
Scrolls
 a - a scroll of identify
Potions
 d - 2 potions of might
 e - a potion of mutation
 j - a potion of cancellation
 k - a potion of lignification
 r - a potion of degeneration {unknown}
 u - 5 potions of haste

Dungeon Overview and Level Annotations

Branches:
Dungeon (6/15)             Temple (0/1) D:5

Altars:
Dithmenos
Gozag

Shops:
D:2 ?

Annotations:
D:5 1 transporter


Message History

Where to? (* - list waypoints, Enter - Temple, ? - help) Sorry, I don't know how to get there.
4224 ||| Stepping randomly (stuck).
(D) Dungeon (T) Temple
Where to? (* - list waypoints, Enter - Temple, ? - help) Sorry, I don't know how to get there.
4225 ||| Stepping randomly (stuck).
(D) Dungeon (T) Temple
Where to? (* - list waypoints, Enter - Temple, ? - help) Sorry, I don't know how to get there.
4226 ||| Stepping randomly (stuck).
(D) Dungeon (T) Temple
Where to? (* - list waypoints, Enter - Temple, ? - help) Sorry, I don't know how to get there.
4227 ||| Stepping randomly (stuck).
(D) Dungeon (T) Temple
Where to? (* - list waypoints, Enter - Temple, ? - help) Sorry, I don't know how to get there.
4228 ||| Stepping randomly (stuck).
(D) Dungeon (T) Temple
Where to? (* - list waypoints, Enter - Temple, ? - help) Sorry, I don't know how to get there.
4229 ||| Stepping randomly (stuck).
(D) Dungeon (T) Temple
Where to? (* - list waypoints, Enter - Temple, ? - help) Sorry, I don't know how to get there.
4230 ||| Stepping randomly (stuck).
(D) Dungeon (T) Temple
Where to? (* - list waypoints, Enter - Temple, ? - help) Sorry, I don't know how to get there.
4231 ||| Stepping randomly (stuck).
(D) Dungeon (T) Temple
Where to? (* - list waypoints, Enter - Temple, ? - help) Sorry, I don't know how to get there.
4232 ||| Stepping randomly (stuck).
(D) Dungeon (T) Temple
Where to? (* - list waypoints, Enter - Temple, ? - help) Sorry, I don't know how to get there.
4233 ||| Stepping randomly (stuck).
Are you sure you want to abandon this character and quit the game? (Confirm with "yes".)

... ... ... b.. .$.
######### ..> #.......#
#.......# #...[...#
#..@....# ######.......#
#............#
#########.......#######.
........................
#########.......########
#.......# #########


There were no monsters in sight!

Vanquished Creatures
  A black bear (D:5)
  A phantom (D:6)
  A scorpion (D:4)
  A jelly (D:6)
  2 hounds (D:6)
  3 orc priests
  Natasha (thrice) (D:3)
  An orc wizard (D:4)
  4 gnolls (D:6)
  An adder (D:3)
  A white imp (D:4)
  2 dart slugs (D:2)
  9 orcs
  5 endoplasms
  4 giant cockroaches
  7 goblins
  2 hobgoblins (D:2)
  8 jackals
  6 kobolds
  2 quokkas
  4 ball pythons
  6 bats
  16 frilled lizards
  4 rats
94 creatures vanquished.

Notes
Turn   | Place    | Note
-------+----------+-------------------------------------------
     0 | D:1      | qw the Gargoyle Fighter began the quest for the Orb.
     0 | D:1      | Reached XP level 1. HP: 14/14 MP: 1/1
     0 | D:1      | 0 ||| qw: Version: 0.2-a-99-gce666ed
     0 | D:1      | 0 ||| qw: Game counter: 159
     0 | D:1      | 0 ||| qw: Always use a shield: true
     0 | D:1      | 0 ||| qw: God list: Okawaru
     0 | D:1      | 0 ||| qw: Allow faded altars: false
     0 | D:1      | 0 ||| qw: Do Orc after D:15 true
     0 | D:1      | 0 ||| qw: Do second Lair branch before Depths: true
     0 | D:1      | 0 ||| qw: Lair rune preference: random
     0 | D:1      | 0 ||| qw: Plans: Normal, Zot:1-4, God:TSO, Crypt, Tomb,
                  | Pan, Slime:5, Hells, Abyss, Win
     0 | D:1      | 0 ||| PLANNING D:1-11
    18 | D:1      | Reached skill level 2 in Axes
    61 | D:1      | Reached XP level 2. HP: 19/19 MP: 2/2
   273 | D:1      | 273 ||| DROPPING +0 club.
   281 | D:1      | Reached skill level 3 in Axes
   284 | D:1      | 284 ||| Stepping ~*~*~tactically~*~*~ (hiding).
   417 | D:1      | Reached XP level 3. HP: 23/23 MP: 3/3
   541 | D:1      | 541 ||| Stepping ~*~*~tactically~*~*~ (stealth).
   678 | D:1      | 678 ||| READING 2 scrolls labelled XIL YPHAIMIZUI.
   679 | D:1      | 679 ||| READING scroll labelled WITTIX OTHROMN.
   680 | D:1      | 680 ||| DRINKING 2 orange potions.
   681 | D:1      | 681 ||| DROPPING potion of invisibility.
   776 | D:2      | Found a faded altar of an unknown god.
   884 | D:2      | 884 ||| Stepping ~*~*~tactically~*~*~ (hiding).
   888 | D:2      | 888 ||| Stepping ~*~*~tactically~*~*~ (hiding).
  1053 | D:2      | Found Vitios's Magic Scroll Boutique.
  1056 | D:2      | 1056 ||| BUYING scroll of identify (28 gold).
  1056 | D:2      | Bought a scroll of identify for 28 gold pieces
  1056 | D:2      | 1056 ||| SHOPLISTING scroll of identify (28 gold, have 25).
  1104 | D:2      | Found a shadowy altar of Dithmenos.
  1216 | D:2      | Reached skill level 1 in Throwing
  1351 | D:2      | Reached XP level 4. HP: 28/28 MP: 4/4
  1473 | D:2      | 1473 ||| DROPPING amulet of magic regeneration.
  1474 | D:2      | 1474 ||| READING scroll labelled AZAITA ASEB.
  1475 | D:2      | 1475 ||| DRINKING 2 fizzy green potions.
  1475 | D:2      | Gained mutation: You have large cloven feet. [potion of
                  | mutation]
  1475 | D:2      | Gained mutation: Your mind is acute. (Int +4, Str/Dex -1)
                  | [potion of mutation]
  1475 | D:2      | Gained mutation: Your spells are a little harder to cast,
                  | but a little more powerful. [potion of mutation]
  1476 | D:2      | 1476 ||| READING 2 scrolls of identify.
  1476 | D:2      | 1476 ||| IDENTIFYING puce potion
  1560 | D:3      | 1560 ||| Stepping ~*~*~tactically~*~*~ (hiding).
  1570 | D:3      | Reached skill level 4 in Axes
  1571 | D:3      | Noticed Natasha
  1572 | D:3      | 1572 ||| Stepping ~*~*~tactically~*~*~ (hiding).
  1582 | D:3      | Killed Natasha
  1583 | D:3      | Reached XP level 5. HP: 26/32 MP: 5/5
  1611 | D:3      | Noticed Natasha
  1612 | D:3      | 1612 ||| Stepping ~*~*~tactically~*~*~ (stealth).
  1617 | D:3      | 1617 ||| Stepping ~*~*~tactically~*~*~ (hiding).
  1621 | D:3      | Killed Natasha
  1900 | D:3      | Noticed Natasha
  1910 | D:3      | Killed Natasha
  1971 | D:3      | Reached skill level 5 in Axes
  2443 | D:3      | 2443 ||| UPGRADING to amulet of guardian spirit.
  2448 | D:3      | 2448 ||| UPGRADING to +4 ring of protection.
  2449 | D:3      | 2449 ||| READING scroll labelled RIFEOGODGHOE.
  2450 | D:3      | 2450 ||| READING scroll labelled QIOFIPT DUTIT.
  2451 | D:3      | 2451 ||| READING scroll labelled AMA JIFIOTIC.
  2552 | D:3      | 2552 ||| READING 2 scrolls labelled COSHUT BENUKLI.
  2553 | D:3      | 2553 ||| READING scroll labelled DUKHLORRUOD.
  2554 | D:3      | 2554 ||| DRINKING 2 murky coppery potions.
  2555 | D:3      | 2555 ||| DROPPING scroll of noise.
  2640 | D:4      | 2640 ||| Stepping ~*~*~tactically~*~*~ (hiding).
  2655 | D:4      | HP: 5/32 [scorpion (5)]
  2656 | D:4      | 2656 ||| DRINKING potion of heal wounds.
  2662 | D:4      | Reached XP level 6. HP: 18/39 MP: 1/6
  2866 | D:4      | You fall into a shaft and drop 2 floors!
  2892 | D:6      | 2892 ||| Stepping ~*~*~tactically~*~*~ (hiding).
  2893 | D:6      | 2893 ||| Stepping ~*~*~tactically~*~*~ (hiding).
  2895 | D:6      | 2895 ||| Stepping ~*~*~tactically~*~*~ (hiding).
  2912 | D:6      | Reached skill level 6 in Axes
  2912 | D:6      | Reached XP level 7. HP: 28/44 MP: 7/7
  2970 | D:6      | 2970 ||| Stepping ~*~*~tactically~*~*~ (stealth).
  2974 | D:6      | Reached skill level 1 in Dodging
  3002 | D:6      | 3002 ||| DROPPING +0 mace.
  3004 | D:6      | Found an opulent altar of Gozag.
  3023 | D:6      | 3023 ||| Stepping ~*~*~tactically~*~*~ (hiding).
  3048 | D:6      | 3048 ||| Stepping ~*~*~tactically~*~*~ (stealth).
  3065 | D:6      | 3065 ||| READING 3 scrolls of identify.
  3065 | D:6      | 3065 ||| IDENTIFYING fizzy puce potion
  3066 | D:6      | 3066 ||| READING 2 scrolls of identify.
  3066 | D:6      | 3066 ||| IDENTIFYING purple potion
  3067 | D:6      | 3067 ||| DROPPING potion of flight.
  3076 | D:5      | Entered Level 5 of the Dungeon
  3211 | D:5      | Found a transporter.
  3214 | D:5      | Found a shadowy altar of Dithmenos.
  3216 | D:5      | Found a staircase to the Ecumenical Temple.
  3217 | D:5      | 3217 ||| PLANNING TEMPLE
  3217 | D:5      | 3217 ||| READING scroll labelled TUUNOJ KOMUOM.
  3220 | D:5      | 3220 ||| Stepping randomly (stuck).
  3221 | D:5      | 3221 ||| Stepping randomly (stuck).
  3222 | D:5      | 3222 ||| Stepping randomly (stuck).
  3223 | D:5      | 3223 ||| Stepping randomly (stuck).
  3225 | D:5      | 3225 ||| UPGRADING to +0 tower shield.
  3235 | D:5      | 3235 ||| DROPPING +0 buckler.
  3236 | D:5      | 3236 ||| Stepping randomly (stuck).
  3237 | D:5      | 3237 ||| Stepping randomly (stuck).
  3238 | D:5      | 3238 ||| Stepping randomly (stuck).
  3239 | D:5      | 3239 ||| Stepping randomly (stuck).
  3240 | D:5      | 3240 ||| Stepping randomly (stuck).
  3241 | D:5      | 3241 ||| Stepping randomly (stuck).
  3242 | D:5      | 3242 ||| Stepping randomly (stuck).
  3243 | D:5      | 3243 ||| Stepping randomly (stuck).
  3244 | D:5      | 3244 ||| Stepping randomly (stuck).
  3246 | D:5      | 3246 ||| Stepping randomly (stuck).
  3247 | D:5      | 3247 ||| Stepping randomly (stuck).
  3248 | D:5      | 3248 ||| Stepping randomly (stuck).
  3249 | D:5      | 3249 ||| Stepping randomly (stuck).
  3250 | D:5      | 3250 ||| Stepping randomly (stuck).
  3251 | D:5      | 3251 ||| Stepping randomly (stuck).
  3252 | D:5      | 3252 ||| Stepping randomly (stuck).
  3253 | D:5      | 3253 ||| Stepping randomly (stuck).
  3254 | D:5      | 3254 ||| Stepping randomly (stuck).
  3255 | D:5      | 3255 ||| Stepping randomly (stuck).
  3256 | D:5      | 3256 ||| Stepping randomly (stuck).
  3257 | D:5      | 3257 ||| Stepping randomly (stuck).
  3258 | D:5      | 3258 ||| Stepping randomly (stuck).
  3259 | D:5      | 3259 ||| Stepping randomly (stuck).
  3260 | D:5      | 3260 ||| Stepping randomly (stuck).
  3261 | D:5      | 3261 ||| Stepping randomly (stuck).
  3262 | D:5      | 3262 ||| Stepping randomly (stuck).
  3263 | D:5      | 3263 ||| Stepping randomly (stuck).
  3264 | D:5      | 3264 ||| Stepping randomly (stuck).
  3265 | D:5      | 3265 ||| Stepping randomly (stuck).
  3266 | D:5      | 3266 ||| Stepping randomly (stuck).
  3267 | D:5      | 3267 ||| Stepping randomly (stuck).
  3268 | D:5      | 3268 ||| Stepping randomly (stuck).
  3269 | D:5      | 3269 ||| Stepping randomly (stuck).
  3270 | D:5      | 3270 ||| Stepping randomly (stuck).
  3271 | D:5      | 3271 ||| Stepping randomly (stuck).
  3272 | D:5      | 3272 ||| Stepping randomly (stuck).
  3273 | D:5      | 3273 ||| Stepping randomly (stuck).
  3274 | D:5      | 3274 ||| Stepping randomly (stuck).
  3275 | D:5      | 3275 ||| Stepping randomly (stuck).
  3276 | D:5      | 3276 ||| Stepping randomly (stuck).
  3277 | D:5      | 3277 ||| Stepping randomly (stuck).
  3278 | D:5      | 3278 ||| Stepping randomly (stuck).
  3279 | D:5      | 3279 ||| Stepping randomly (stuck).
  3280 | D:5      | 3280 ||| Stepping randomly (stuck).
  3281 | D:5      | 3281 ||| Stepping randomly (stuck).
  3282 | D:5      | 3282 ||| Stepping randomly (stuck).
  3283 | D:5      | 3283 ||| Stepping randomly (stuck).
  3284 | D:5      | 3284 ||| Stepping randomly (stuck).
  3285 | D:5      | 3285 ||| Stepping randomly (stuck).
  3286 | D:5      | 3286 ||| Stepping randomly (stuck).
  3287 | D:5      | 3287 ||| Stepping randomly (stuck).
  3288 | D:5      | 3288 ||| Stepping randomly (stuck).
  3289 | D:5      | 3289 ||| Stepping randomly (stuck).
  3290 | D:5      | 3290 ||| Stepping randomly (stuck).
  3291 | D:5      | 3291 ||| Stepping randomly (stuck).
  3292 | D:5      | 3292 ||| Stepping randomly (stuck).
  3293 | D:5      | 3293 ||| Stepping randomly (stuck).
  3294 | D:5      | 3294 ||| Stepping randomly (stuck).
  3295 | D:5      | 3295 ||| Stepping randomly (stuck).
  3296 | D:5      | 3296 ||| Stepping randomly (stuck).
  3297 | D:5      | 3297 ||| Stepping randomly (stuck).
  3298 | D:5      | 3298 ||| Stepping randomly (stuck).
  3299 | D:5      | 3299 ||| Stepping randomly (stuck).
  3300 | D:5      | 3300 ||| Stepping randomly (stuck).
  3301 | D:5      | 3301 ||| Stepping randomly (stuck).
  3302 | D:5      | 3302 ||| Stepping randomly (stuck).
  3303 | D:5      | 3303 ||| Stepping randomly (stuck).
  3304 | D:5      | 3304 ||| Stepping randomly (stuck).
  3305 | D:5      | 3305 ||| Stepping randomly (stuck).
  3306 | D:5      | 3306 ||| Stepping randomly (stuck).
  3307 | D:5      | 3307 ||| Stepping randomly (stuck).
  3308 | D:5      | 3308 ||| Stepping randomly (stuck).
  3309 | D:5      | 3309 ||| Stepping randomly (stuck).
  3310 | D:5      | 3310 ||| Stepping randomly (stuck).
  3311 | D:5      | 3311 ||| Stepping randomly (stuck).
  3312 | D:5      | 3312 ||| Stepping randomly (stuck).
  3313 | D:5      | 3313 ||| Stepping randomly (stuck).
  3314 | D:5      | 3314 ||| Stepping randomly (stuck).
  3315 | D:5      | 3315 ||| Stepping randomly (stuck).
  3316 | D:5      | 3316 ||| Stepping randomly (stuck).
  3317 | D:5      | 3317 ||| Stepping randomly (stuck).
  3318 | D:5      | 3318 ||| Stepping randomly (stuck).
  3319 | D:5      | 3319 ||| Stepping randomly (stuck).
  3320 | D:5      | 3320 ||| Stepping randomly (stuck).
  3321 | D:5      | 3321 ||| Stepping randomly (stuck).
  3322 | D:5      | 3322 ||| Stepping randomly (stuck).
  3323 | D:5      | 3323 ||| Stepping randomly (stuck).
  3324 | D:5      | 3324 ||| Stepping randomly (stuck).
  3325 | D:5      | 3325 ||| Stepping randomly (stuck).
  3326 | D:5      | 3326 ||| Stepping randomly (stuck).
  3327 | D:5      | 3327 ||| Stepping randomly (stuck).
  3328 | D:5      | 3328 ||| Stepping randomly (stuck).
  3329 | D:5      | 3329 ||| Stepping randomly (stuck).
  3330 | D:5      | 3330 ||| Stepping randomly (stuck).
  3331 | D:5      | 3331 ||| Stepping randomly (stuck).
  3332 | D:5      | 3332 ||| Stepping randomly (stuck).
  3333 | D:5      | 3333 ||| Stepping randomly (stuck).
  3334 | D:5      | 3334 ||| Stepping randomly (stuck).
  3335 | D:5      | 3335 ||| Stepping randomly (stuck).
  3336 | D:5      | 3336 ||| Stepping randomly (stuck).
  3337 | D:5      | 3337 ||| Stepping randomly (stuck).
  3338 | D:5      | 3338 ||| Stepping randomly (stuck).
  3339 | D:5      | 3339 ||| Stepping randomly (stuck).
  3340 | D:5      | 3340 ||| Stepping randomly (stuck).
  3341 | D:5      | 3341 ||| Stepping randomly (stuck).
  3342 | D:5      | 3342 ||| Stepping randomly (stuck).
  3343 | D:5      | 3343 ||| Stepping randomly (stuck).
  3344 | D:5      | 3344 ||| Stepping randomly (stuck).
  3345 | D:5      | 3345 ||| Stepping randomly (stuck).
  3346 | D:5      | 3346 ||| Stepping randomly (stuck).
  3347 | D:5      | 3347 ||| Stepping randomly (stuck).
  3348 | D:5      | 3348 ||| Stepping randomly (stuck).
  3349 | D:5      | 3349 ||| Stepping randomly (stuck).
  3350 | D:5      | 3350 ||| Stepping randomly (stuck).
  3351 | D:5      | 3351 ||| Stepping randomly (stuck).
  3352 | D:5      | 3352 ||| Stepping randomly (stuck).
  3353 | D:5      | 3353 ||| Stepping randomly (stuck).
  3354 | D:5      | 3354 ||| Stepping randomly (stuck).
  3355 | D:5      | 3355 ||| Stepping randomly (stuck).
  3356 | D:5      | 3356 ||| Stepping randomly (stuck).
  3357 | D:5      | 3357 ||| Stepping randomly (stuck).
  3358 | D:5      | 3358 ||| Stepping randomly (stuck).
  3359 | D:5      | 3359 ||| Stepping randomly (stuck).
  3360 | D:5      | 3360 ||| Stepping randomly (stuck).
  3361 | D:5      | 3361 ||| Stepping randomly (stuck).
  3362 | D:5      | 3362 ||| Stepping randomly (stuck).
  3363 | D:5      | 3363 ||| Stepping randomly (stuck).
  3364 | D:5      | 3364 ||| Stepping randomly (stuck).
  3365 | D:5      | 3365 ||| Stepping randomly (stuck).
  3366 | D:5      | 3366 ||| Stepping randomly (stuck).
  3367 | D:5      | 3367 ||| Stepping randomly (stuck).
  3368 | D:5      | 3368 ||| Stepping randomly (stuck).
  3369 | D:5      | 3369 ||| Stepping randomly (stuck).
  3370 | D:5      | 3370 ||| Stepping randomly (stuck).
  3371 | D:5      | 3371 ||| Stepping randomly (stuck).
  3372 | D:5      | 3372 ||| Stepping randomly (stuck).
  3373 | D:5      | 3373 ||| Stepping randomly (stuck).
  3374 | D:5      | 3374 ||| Stepping randomly (stuck).
  3375 | D:5      | 3375 ||| Stepping randomly (stuck).
  3376 | D:5      | 3376 ||| Stepping randomly (stuck).
  3377 | D:5      | 3377 ||| Stepping randomly (stuck).
  3378 | D:5      | 3378 ||| Stepping randomly (stuck).
  3379 | D:5      | 3379 ||| Stepping randomly (stuck).
  3380 | D:5      | 3380 ||| Stepping randomly (stuck).
  3381 | D:5      | 3381 ||| Stepping randomly (stuck).
  3382 | D:5      | 3382 ||| Stepping randomly (stuck).
  3383 | D:5      | 3383 ||| Stepping randomly (stuck).
  3384 | D:5      | 3384 ||| Stepping randomly (stuck).
  3385 | D:5      | 3385 ||| Stepping randomly (stuck).
  3386 | D:5      | 3386 ||| Stepping randomly (stuck).
  3387 | D:5      | 3387 ||| Stepping randomly (stuck).
  3388 | D:5      | 3388 ||| Stepping randomly (stuck).
  3389 | D:5      | 3389 ||| Stepping randomly (stuck).
  3390 | D:5      | 3390 ||| Stepping randomly (stuck).
  3391 | D:5      | 3391 ||| Stepping randomly (stuck).
  3392 | D:5      | 3392 ||| Stepping randomly (stuck).
  3393 | D:5      | 3393 ||| Stepping randomly (stuck).
  3394 | D:5      | 3394 ||| Stepping randomly (stuck).
  3395 | D:5      | 3395 ||| Stepping randomly (stuck).
  3396 | D:5      | 3396 ||| Stepping randomly (stuck).
  3397 | D:5      | 3397 ||| Stepping randomly (stuck).
  3398 | D:5      | 3398 ||| Stepping randomly (stuck).
  3399 | D:5      | 3399 ||| Stepping randomly (stuck).
  3400 | D:5      | 3400 ||| Stepping randomly (stuck).
  3401 | D:5      | 3401 ||| Stepping randomly (stuck).
  3402 | D:5      | 3402 ||| Stepping randomly (stuck).
  3403 | D:5      | 3403 ||| Stepping randomly (stuck).
  3404 | D:5      | 3404 ||| Stepping randomly (stuck).
  3405 | D:5      | 3405 ||| Stepping randomly (stuck).
  3406 | D:5      | 3406 ||| Stepping randomly (stuck).
  3407 | D:5      | 3407 ||| Stepping randomly (stuck).
  3408 | D:5      | 3408 ||| Stepping randomly (stuck).
  3409 | D:5      | 3409 ||| Stepping randomly (stuck).
  3410 | D:5      | 3410 ||| Stepping randomly (stuck).
  3411 | D:5      | 3411 ||| Stepping randomly (stuck).
  3412 | D:5      | 3412 ||| Stepping randomly (stuck).
  3413 | D:5      | 3413 ||| Stepping randomly (stuck).
  3414 | D:5      | 3414 ||| Stepping randomly (stuck).
  3415 | D:5      | 3415 ||| Stepping randomly (stuck).
  3416 | D:5      | 3416 ||| Stepping randomly (stuck).
  3417 | D:5      | 3417 ||| Stepping randomly (stuck).
  3418 | D:5      | 3418 ||| Stepping randomly (stuck).
  3419 | D:5      | 3419 ||| Stepping randomly (stuck).
  3420 | D:5      | 3420 ||| Stepping randomly (stuck).
  3421 | D:5      | 3421 ||| Stepping randomly (stuck).
  3422 | D:5      | 3422 ||| Stepping randomly (stuck).
  3423 | D:5      | 3423 ||| Stepping randomly (stuck).
  3424 | D:5      | 3424 ||| Stepping randomly (stuck).
  3425 | D:5      | 3425 ||| Stepping randomly (stuck).
  3426 | D:5      | 3426 ||| Stepping randomly (stuck).
  3427 | D:5      | 3427 ||| Stepping randomly (stuck).
  3428 | D:5      | 3428 ||| Stepping randomly (stuck).
  3429 | D:5      | 3429 ||| Stepping randomly (stuck).
  3430 | D:5      | 3430 ||| Stepping randomly (stuck).
  3431 | D:5      | 3431 ||| Stepping randomly (stuck).
  3432 | D:5      | 3432 ||| Stepping randomly (stuck).
  3433 | D:5      | 3433 ||| Stepping randomly (stuck).
  3434 | D:5      | 3434 ||| Stepping randomly (stuck).
  3435 | D:5      | 3435 ||| Stepping randomly (stuck).
  3436 | D:5      | 3436 ||| Stepping randomly (stuck).
  3437 | D:5      | 3437 ||| Stepping randomly (stuck).
  3438 | D:5      | 3438 ||| Stepping randomly (stuck).
  3439 | D:5      | 3439 ||| Stepping randomly (stuck).
  3440 | D:5      | 3440 ||| Stepping randomly (stuck).
  3441 | D:5      | 3441 ||| Stepping randomly (stuck).
  3442 | D:5      | 3442 ||| Stepping randomly (stuck).
  3443 | D:5      | 3443 ||| Stepping randomly (stuck).
  3444 | D:5      | 3444 ||| Stepping randomly (stuck).
  3445 | D:5      | 3445 ||| Stepping randomly (stuck).
  3446 | D:5      | 3446 ||| Stepping randomly (stuck).
  3447 | D:5      | 3447 ||| Stepping randomly (stuck).
  3448 | D:5      | 3448 ||| Stepping randomly (stuck).
  3449 | D:5      | 3449 ||| Stepping randomly (stuck).
  3450 | D:5      | 3450 ||| Stepping randomly (stuck).
  3451 | D:5      | 3451 ||| Stepping randomly (stuck).
  3452 | D:5      | 3452 ||| Stepping randomly (stuck).
  3453 | D:5      | 3453 ||| Stepping randomly (stuck).
  3454 | D:5      | 3454 ||| Stepping randomly (stuck).
  3455 | D:5      | 3455 ||| Stepping randomly (stuck).
  3456 | D:5      | 3456 ||| Stepping randomly (stuck).
  3457 | D:5      | 3457 ||| Stepping randomly (stuck).
  3458 | D:5      | 3458 ||| Stepping randomly (stuck).
  3459 | D:5      | 3459 ||| Stepping randomly (stuck).
  3460 | D:5      | 3460 ||| Stepping randomly (stuck).
  3461 | D:5      | 3461 ||| Stepping randomly (stuck).
  3462 | D:5      | 3462 ||| Stepping randomly (stuck).
  3463 | D:5      | 3463 ||| Stepping randomly (stuck).
  3464 | D:5      | 3464 ||| Stepping randomly (stuck).
  3465 | D:5      | 3465 ||| Stepping randomly (stuck).
  3466 | D:5      | 3466 ||| Stepping randomly (stuck).
  3467 | D:5      | 3467 ||| Stepping randomly (stuck).
  3468 | D:5      | 3468 ||| Stepping randomly (stuck).
  3469 | D:5      | 3469 ||| Stepping randomly (stuck).
  3470 | D:5      | 3470 ||| Stepping randomly (stuck).
  3471 | D:5      | 3471 ||| Stepping randomly (stuck).
  3472 | D:5      | 3472 ||| Stepping randomly (stuck).
  3473 | D:5      | 3473 ||| Stepping randomly (stuck).
  3474 | D:5      | 3474 ||| Stepping randomly (stuck).
  3475 | D:5      | 3475 ||| Stepping randomly (stuck).
  3476 | D:5      | 3476 ||| Stepping randomly (stuck).
  3477 | D:5      | 3477 ||| Stepping randomly (stuck).
  3478 | D:5      | 3478 ||| Stepping randomly (stuck).
  3479 | D:5      | 3479 ||| Stepping randomly (stuck).
  3480 | D:5      | 3480 ||| Stepping randomly (stuck).
  3481 | D:5      | 3481 ||| Stepping randomly (stuck).
  3482 | D:5      | 3482 ||| Stepping randomly (stuck).
  3483 | D:5      | 3483 ||| Stepping randomly (stuck).
  3484 | D:5      | 3484 ||| Stepping randomly (stuck).
  3485 | D:5      | 3485 ||| Stepping randomly (stuck).
  3486 | D:5      | 3486 ||| Stepping randomly (stuck).
  3487 | D:5      | 3487 ||| Stepping randomly (stuck).
  3488 | D:5      | 3488 ||| Stepping randomly (stuck).
  3489 | D:5      | 3489 ||| Stepping randomly (stuck).
  3490 | D:5      | 3490 ||| Stepping randomly (stuck).
  3491 | D:5      | 3491 ||| Stepping randomly (stuck).
  3492 | D:5      | 3492 ||| Stepping randomly (stuck).
  3493 | D:5      | 3493 ||| Stepping randomly (stuck).
  3494 | D:5      | 3494 ||| Stepping randomly (stuck).
  3495 | D:5      | 3495 ||| Stepping randomly (stuck).
  3496 | D:5      | 3496 ||| Stepping randomly (stuck).
  3497 | D:5      | 3497 ||| Stepping randomly (stuck).
  3498 | D:5      | 3498 ||| Stepping randomly (stuck).
  3499 | D:5      | 3499 ||| Stepping randomly (stuck).
  3500 | D:5      | 3500 ||| Stepping randomly (stuck).
  3501 | D:5      | 3501 ||| Stepping randomly (stuck).
  3502 | D:5      | 3502 ||| Stepping randomly (stuck).
  3503 | D:5      | 3503 ||| Stepping randomly (stuck).
  3504 | D:5      | 3504 ||| Stepping randomly (stuck).
  3505 | D:5      | 3505 ||| Stepping randomly (stuck).
  3506 | D:5      | 3506 ||| Stepping randomly (stuck).
  3507 | D:5      | 3507 ||| Stepping randomly (stuck).
  3508 | D:5      | 3508 ||| Stepping randomly (stuck).
  3509 | D:5      | 3509 ||| Stepping randomly (stuck).
  3510 | D:5      | 3510 ||| Stepping randomly (stuck).
  3511 | D:5      | 3511 ||| Stepping randomly (stuck).
  3512 | D:5      | 3512 ||| Stepping randomly (stuck).
  3513 | D:5      | 3513 ||| Stepping randomly (stuck).
  3514 | D:5      | 3514 ||| Stepping randomly (stuck).
  3515 | D:5      | 3515 ||| Stepping randomly (stuck).
  3516 | D:5      | 3516 ||| Stepping randomly (stuck).
  3517 | D:5      | 3517 ||| Stepping randomly (stuck).
  3518 | D:5      | 3518 ||| Stepping randomly (stuck).
  3519 | D:5      | 3519 ||| Stepping randomly (stuck).
  3520 | D:5      | 3520 ||| Stepping randomly (stuck).
  3521 | D:5      | 3521 ||| Stepping randomly (stuck).
  3522 | D:5      | 3522 ||| Stepping randomly (stuck).
  3523 | D:5      | 3523 ||| Stepping randomly (stuck).
  3524 | D:5      | 3524 ||| Stepping randomly (stuck).
  3525 | D:5      | 3525 ||| Stepping randomly (stuck).
  3526 | D:5      | 3526 ||| Stepping randomly (stuck).
  3527 | D:5      | 3527 ||| Stepping randomly (stuck).
  3528 | D:5      | 3528 ||| Stepping randomly (stuck).
  3529 | D:5      | 3529 ||| Stepping randomly (stuck).
  3530 | D:5      | 3530 ||| Stepping randomly (stuck).
  3531 | D:5      | 3531 ||| Stepping randomly (stuck).
  3532 | D:5      | 3532 ||| Stepping randomly (stuck).
  3533 | D:5      | 3533 ||| Stepping randomly (stuck).
  3534 | D:5      | 3534 ||| Stepping randomly (stuck).
  3535 | D:5      | 3535 ||| Stepping randomly (stuck).
  3536 | D:5      | 3536 ||| Stepping randomly (stuck).
  3537 | D:5      | 3537 ||| Stepping randomly (stuck).
  3538 | D:5      | 3538 ||| Stepping randomly (stuck).
  3539 | D:5      | 3539 ||| Stepping randomly (stuck).
  3540 | D:5      | 3540 ||| Stepping randomly (stuck).
  3541 | D:5      | 3541 ||| Stepping randomly (stuck).
  3542 | D:5      | 3542 ||| Stepping randomly (stuck).
  3543 | D:5      | 3543 ||| Stepping randomly (stuck).
  3544 | D:5      | 3544 ||| Stepping randomly (stuck).
  3545 | D:5      | 3545 ||| Stepping randomly (stuck).
  3546 | D:5      | 3546 ||| Stepping randomly (stuck).
  3547 | D:5      | 3547 ||| Stepping randomly (stuck).
  3548 | D:5      | 3548 ||| Stepping randomly (stuck).
  3549 | D:5      | 3549 ||| Stepping randomly (stuck).
  3550 | D:5      | 3550 ||| Stepping randomly (stuck).
  3551 | D:5      | 3551 ||| Stepping randomly (stuck).
  3552 | D:5      | 3552 ||| Stepping randomly (stuck).
  3553 | D:5      | 3553 ||| Stepping randomly (stuck).
  3554 | D:5      | 3554 ||| Stepping randomly (stuck).
  3555 | D:5      | 3555 ||| Stepping randomly (stuck).
  3556 | D:5      | 3556 ||| Stepping randomly (stuck).
  3557 | D:5      | 3557 ||| Stepping randomly (stuck).
  3558 | D:5      | 3558 ||| Stepping randomly (stuck).
  3559 | D:5      | 3559 ||| Stepping randomly (stuck).
  3560 | D:5      | 3560 ||| Stepping randomly (stuck).
  3561 | D:5      | 3561 ||| Stepping randomly (stuck).
  3562 | D:5      | 3562 ||| Stepping randomly (stuck).
  3563 | D:5      | 3563 ||| Stepping randomly (stuck).
  3564 | D:5      | 3564 ||| Stepping randomly (stuck).
  3565 | D:5      | 3565 ||| Stepping randomly (stuck).
  3566 | D:5      | 3566 ||| Stepping randomly (stuck).
  3567 | D:5      | 3567 ||| Stepping randomly (stuck).
  3568 | D:5      | 3568 ||| Stepping randomly (stuck).
  3569 | D:5      | 3569 ||| Stepping randomly (stuck).
  3570 | D:5      | 3570 ||| Stepping randomly (stuck).
  3571 | D:5      | 3571 ||| Stepping randomly (stuck).
  3572 | D:5      | 3572 ||| Stepping randomly (stuck).
  3573 | D:5      | 3573 ||| Stepping randomly (stuck).
  3574 | D:5      | 3574 ||| Stepping randomly (stuck).
  3575 | D:5      | 3575 ||| Stepping randomly (stuck).
  3576 | D:5      | 3576 ||| Stepping randomly (stuck).
  3577 | D:5      | 3577 ||| Stepping randomly (stuck).
  3578 | D:5      | 3578 ||| Stepping randomly (stuck).
  3579 | D:5      | 3579 ||| Stepping randomly (stuck).
  3580 | D:5      | 3580 ||| Stepping randomly (stuck).
  3581 | D:5      | 3581 ||| Stepping randomly (stuck).
  3582 | D:5      | 3582 ||| Stepping randomly (stuck).
  3583 | D:5      | 3583 ||| Stepping randomly (stuck).
  3584 | D:5      | 3584 ||| Stepping randomly (stuck).
  3585 | D:5      | 3585 ||| Stepping randomly (stuck).
  3586 | D:5      | 3586 ||| Stepping randomly (stuck).
  3587 | D:5      | 3587 ||| Stepping randomly (stuck).
  3588 | D:5      | 3588 ||| Stepping randomly (stuck).
  3589 | D:5      | 3589 ||| Stepping randomly (stuck).
  3590 | D:5      | 3590 ||| Stepping randomly (stuck).
  3591 | D:5      | 3591 ||| Stepping randomly (stuck).
  3592 | D:5      | 3592 ||| Stepping randomly (stuck).
  3593 | D:5      | 3593 ||| Stepping randomly (stuck).
  3594 | D:5      | 3594 ||| Stepping randomly (stuck).
  3595 | D:5      | 3595 ||| Stepping randomly (stuck).
  3596 | D:5      | 3596 ||| Stepping randomly (stuck).
  3597 | D:5      | 3597 ||| Stepping randomly (stuck).
  3598 | D:5      | 3598 ||| Stepping randomly (stuck).
  3599 | D:5      | 3599 ||| Stepping randomly (stuck).
  3600 | D:5      | 3600 ||| Stepping randomly (stuck).
  3601 | D:5      | 3601 ||| Stepping randomly (stuck).
  3602 | D:5      | 3602 ||| Stepping randomly (stuck).
  3603 | D:5      | 3603 ||| Stepping randomly (stuck).
  3604 | D:5      | 3604 ||| Stepping randomly (stuck).
  3605 | D:5      | 3605 ||| Stepping randomly (stuck).
  3606 | D:5      | 3606 ||| Stepping randomly (stuck).
  3607 | D:5      | 3607 ||| Stepping randomly (stuck).
  3608 | D:5      | 3608 ||| Stepping randomly (stuck).
  3609 | D:5      | 3609 ||| Stepping randomly (stuck).
  3610 | D:5      | 3610 ||| Stepping randomly (stuck).
  3611 | D:5      | 3611 ||| Stepping randomly (stuck).
  3612 | D:5      | 3612 ||| Stepping randomly (stuck).
  3613 | D:5      | 3613 ||| Stepping randomly (stuck).
  3614 | D:5      | 3614 ||| Stepping randomly (stuck).
  3615 | D:5      | 3615 ||| Stepping randomly (stuck).
  3616 | D:5      | 3616 ||| Stepping randomly (stuck).
  3617 | D:5      | 3617 ||| Stepping randomly (stuck).
  3618 | D:5      | 3618 ||| Stepping randomly (stuck).
  3619 | D:5      | 3619 ||| Stepping randomly (stuck).
  3620 | D:5      | 3620 ||| Stepping randomly (stuck).
  3621 | D:5      | 3621 ||| Stepping randomly (stuck).
  3622 | D:5      | 3622 ||| Stepping randomly (stuck).
  3623 | D:5      | 3623 ||| Stepping randomly (stuck).
  3624 | D:5      | 3624 ||| Stepping randomly (stuck).
  3625 | D:5      | 3625 ||| Stepping randomly (stuck).
  3626 | D:5      | 3626 ||| Stepping randomly (stuck).
  3627 | D:5      | 3627 ||| Stepping randomly (stuck).
  3628 | D:5      | 3628 ||| Stepping randomly (stuck).
  3629 | D:5      | 3629 ||| Stepping randomly (stuck).
  3630 | D:5      | 3630 ||| Stepping randomly (stuck).
  3631 | D:5      | 3631 ||| Stepping randomly (stuck).
  3632 | D:5      | 3632 ||| Stepping randomly (stuck).
  3633 | D:5      | 3633 ||| Stepping randomly (stuck).
  3634 | D:5      | 3634 ||| Stepping randomly (stuck).
  3635 | D:5      | 3635 ||| Stepping randomly (stuck).
  3636 | D:5      | 3636 ||| Stepping randomly (stuck).
  3637 | D:5      | 3637 ||| Stepping randomly (stuck).
  3638 | D:5      | 3638 ||| Stepping randomly (stuck).
  3639 | D:5      | 3639 ||| Stepping randomly (stuck).
  3640 | D:5      | 3640 ||| Stepping randomly (stuck).
  3641 | D:5      | 3641 ||| Stepping randomly (stuck).
  3642 | D:5      | 3642 ||| Stepping randomly (stuck).
  3643 | D:5      | 3643 ||| Stepping randomly (stuck).
  3644 | D:5      | 3644 ||| Stepping randomly (stuck).
  3645 | D:5      | 3645 ||| Stepping randomly (stuck).
  3646 | D:5      | 3646 ||| Stepping randomly (stuck).
  3647 | D:5      | 3647 ||| Stepping randomly (stuck).
  3648 | D:5      | 3648 ||| Stepping randomly (stuck).
  3649 | D:5      | 3649 ||| Stepping randomly (stuck).
  3650 | D:5      | 3650 ||| Stepping randomly (stuck).
  3651 | D:5      | 3651 ||| Stepping randomly (stuck).
  3652 | D:5      | 3652 ||| Stepping randomly (stuck).
  3653 | D:5      | 3653 ||| Stepping randomly (stuck).
  3654 | D:5      | 3654 ||| Stepping randomly (stuck).
  3655 | D:5      | 3655 ||| Stepping randomly (stuck).
  3656 | D:5      | 3656 ||| Stepping randomly (stuck).
  3657 | D:5      | 3657 ||| Stepping randomly (stuck).
  3658 | D:5      | 3658 ||| Stepping randomly (stuck).
  3659 | D:5      | 3659 ||| Stepping randomly (stuck).
  3660 | D:5      | 3660 ||| Stepping randomly (stuck).
  3661 | D:5      | 3661 ||| Stepping randomly (stuck).
  3662 | D:5      | 3662 ||| Stepping randomly (stuck).
  3663 | D:5      | 3663 ||| Stepping randomly (stuck).
  3664 | D:5      | 3664 ||| Stepping randomly (stuck).
  3665 | D:5      | 3665 ||| Stepping randomly (stuck).
  3666 | D:5      | 3666 ||| Stepping randomly (stuck).
  3667 | D:5      | 3667 ||| Stepping randomly (stuck).
  3668 | D:5      | 3668 ||| Stepping randomly (stuck).
  3669 | D:5      | 3669 ||| Stepping randomly (stuck).
  3670 | D:5      | 3670 ||| Stepping randomly (stuck).
  3671 | D:5      | 3671 ||| Stepping randomly (stuck).
  3672 | D:5      | 3672 ||| Stepping randomly (stuck).
  3673 | D:5      | 3673 ||| Stepping randomly (stuck).
  3674 | D:5      | 3674 ||| Stepping randomly (stuck).
  3675 | D:5      | 3675 ||| Stepping randomly (stuck).
  3676 | D:5      | 3676 ||| Stepping randomly (stuck).
  3677 | D:5      | 3677 ||| Stepping randomly (stuck).
  3678 | D:5      | 3678 ||| Stepping randomly (stuck).
  3679 | D:5      | 3679 ||| Stepping randomly (stuck).
  3680 | D:5      | 3680 ||| Stepping randomly (stuck).
  3681 | D:5      | 3681 ||| Stepping randomly (stuck).
  3682 | D:5      | 3682 ||| Stepping randomly (stuck).
  3683 | D:5      | 3683 ||| Stepping randomly (stuck).
  3684 | D:5      | 3684 ||| Stepping randomly (stuck).
  3685 | D:5      | 3685 ||| Stepping randomly (stuck).
  3686 | D:5      | 3686 ||| Stepping randomly (stuck).
  3687 | D:5      | 3687 ||| Stepping randomly (stuck).
  3688 | D:5      | 3688 ||| Stepping randomly (stuck).
  3689 | D:5      | 3689 ||| Stepping randomly (stuck).
  3690 | D:5      | 3690 ||| Stepping randomly (stuck).
  3691 | D:5      | 3691 ||| Stepping randomly (stuck).
  3692 | D:5      | 3692 ||| Stepping randomly (stuck).
  3693 | D:5      | 3693 ||| Stepping randomly (stuck).
  3694 | D:5      | 3694 ||| Stepping randomly (stuck).
  3695 | D:5      | 3695 ||| Stepping randomly (stuck).
  3696 | D:5      | 3696 ||| Stepping randomly (stuck).
  3697 | D:5      | 3697 ||| Stepping randomly (stuck).
  3698 | D:5      | 3698 ||| Stepping randomly (stuck).
  3699 | D:5      | 3699 ||| Stepping randomly (stuck).
  3700 | D:5      | 3700 ||| Stepping randomly (stuck).
  3701 | D:5      | 3701 ||| Stepping randomly (stuck).
  3702 | D:5      | 3702 ||| Stepping randomly (stuck).
  3703 | D:5      | 3703 ||| Stepping randomly (stuck).
  3704 | D:5      | 3704 ||| Stepping randomly (stuck).
  3705 | D:5      | 3705 ||| Stepping randomly (stuck).
  3706 | D:5      | 3706 ||| Stepping randomly (stuck).
  3707 | D:5      | 3707 ||| Stepping randomly (stuck).
  3708 | D:5      | 3708 ||| Stepping randomly (stuck).
  3709 | D:5      | 3709 ||| Stepping randomly (stuck).
  3710 | D:5      | 3710 ||| Stepping randomly (stuck).
  3711 | D:5      | 3711 ||| Stepping randomly (stuck).
  3712 | D:5      | 3712 ||| Stepping randomly (stuck).
  3713 | D:5      | 3713 ||| Stepping randomly (stuck).
  3714 | D:5      | 3714 ||| Stepping randomly (stuck).
  3715 | D:5      | 3715 ||| Stepping randomly (stuck).
  3716 | D:5      | 3716 ||| Stepping randomly (stuck).
  3717 | D:5      | 3717 ||| Stepping randomly (stuck).
  3718 | D:5      | 3718 ||| Stepping randomly (stuck).
  3719 | D:5      | 3719 ||| Stepping randomly (stuck).
  3720 | D:5      | 3720 ||| Stepping randomly (stuck).
  3721 | D:5      | 3721 ||| Stepping randomly (stuck).
  3722 | D:5      | 3722 ||| Stepping randomly (stuck).
  3723 | D:5      | 3723 ||| Stepping randomly (stuck).
  3724 | D:5      | 3724 ||| Stepping randomly (stuck).
  3725 | D:5      | 3725 ||| Stepping randomly (stuck).
  3726 | D:5      | 3726 ||| Stepping randomly (stuck).
  3727 | D:5      | 3727 ||| Stepping randomly (stuck).
  3728 | D:5      | 3728 ||| Stepping randomly (stuck).
  3729 | D:5      | 3729 ||| Stepping randomly (stuck).
  3730 | D:5      | 3730 ||| Stepping randomly (stuck).
  3731 | D:5      | 3731 ||| Stepping randomly (stuck).
  3732 | D:5      | 3732 ||| Stepping randomly (stuck).
  3733 | D:5      | 3733 ||| Stepping randomly (stuck).
  3734 | D:5      | 3734 ||| Stepping randomly (stuck).
  3735 | D:5      | 3735 ||| Stepping randomly (stuck).
  3736 | D:5      | 3736 ||| Stepping randomly (stuck).
  3737 | D:5      | 3737 ||| Stepping randomly (stuck).
  3738 | D:5      | 3738 ||| Stepping randomly (stuck).
  3739 | D:5      | 3739 ||| Stepping randomly (stuck).
  3740 | D:5      | 3740 ||| Stepping randomly (stuck).
  3741 | D:5      | 3741 ||| Stepping randomly (stuck).
  3742 | D:5      | 3742 ||| Stepping randomly (stuck).
  3743 | D:5      | 3743 ||| Stepping randomly (stuck).
  3744 | D:5      | 3744 ||| Stepping randomly (stuck).
  3745 | D:5      | 3745 ||| Stepping randomly (stuck).
  3746 | D:5      | 3746 ||| Stepping randomly (stuck).
  3747 | D:5      | 3747 ||| Stepping randomly (stuck).
  3748 | D:5      | 3748 ||| Stepping randomly (stuck).
  3749 | D:5      | 3749 ||| Stepping randomly (stuck).
  3750 | D:5      | 3750 ||| Stepping randomly (stuck).
  3751 | D:5      | 3751 ||| Stepping randomly (stuck).
  3752 | D:5      | 3752 ||| Stepping randomly (stuck).
  3753 | D:5      | 3753 ||| Stepping randomly (stuck).
  3754 | D:5      | 3754 ||| Stepping randomly (stuck).
  3755 | D:5      | 3755 ||| Stepping randomly (stuck).
  3756 | D:5      | 3756 ||| Stepping randomly (stuck).
  3757 | D:5      | 3757 ||| Stepping randomly (stuck).
  3758 | D:5      | 3758 ||| Stepping randomly (stuck).
  3759 | D:5      | 3759 ||| Stepping randomly (stuck).
  3760 | D:5      | 3760 ||| Stepping randomly (stuck).
  3761 | D:5      | 3761 ||| Stepping randomly (stuck).
  3762 | D:5      | 3762 ||| Stepping randomly (stuck).
  3763 | D:5      | 3763 ||| Stepping randomly (stuck).
  3764 | D:5      | 3764 ||| Stepping randomly (stuck).
  3765 | D:5      | 3765 ||| Stepping randomly (stuck).
  3766 | D:5      | 3766 ||| Stepping randomly (stuck).
  3767 | D:5      | 3767 ||| Stepping randomly (stuck).
  3768 | D:5      | 3768 ||| Stepping randomly (stuck).
  3769 | D:5      | 3769 ||| Stepping randomly (stuck).
  3770 | D:5      | 3770 ||| Stepping randomly (stuck).
  3771 | D:5      | 3771 ||| Stepping randomly (stuck).
  3772 | D:5      | 3772 ||| Stepping randomly (stuck).
  3773 | D:5      | 3773 ||| Stepping randomly (stuck).
  3774 | D:5      | 3774 ||| Stepping randomly (stuck).
  3775 | D:5      | 3775 ||| Stepping randomly (stuck).
  3776 | D:5      | 3776 ||| Stepping randomly (stuck).
  3777 | D:5      | 3777 ||| Stepping randomly (stuck).
  3778 | D:5      | 3778 ||| Stepping randomly (stuck).
  3779 | D:5      | 3779 ||| Stepping randomly (stuck).
  3780 | D:5      | 3780 ||| Stepping randomly (stuck).
  3781 | D:5      | 3781 ||| Stepping randomly (stuck).
  3782 | D:5      | 3782 ||| Stepping randomly (stuck).
  3783 | D:5      | 3783 ||| Stepping randomly (stuck).
  3784 | D:5      | 3784 ||| Stepping randomly (stuck).
  3785 | D:5      | 3785 ||| Stepping randomly (stuck).
  3786 | D:5      | 3786 ||| Stepping randomly (stuck).
  3787 | D:5      | 3787 ||| Stepping randomly (stuck).
  3788 | D:5      | 3788 ||| Stepping randomly (stuck).
  3789 | D:5      | 3789 ||| Stepping randomly (stuck).
  3790 | D:5      | 3790 ||| Stepping randomly (stuck).
  3791 | D:5      | 3791 ||| Stepping randomly (stuck).
  3792 | D:5      | 3792 ||| Stepping randomly (stuck).
  3793 | D:5      | 3793 ||| Stepping randomly (stuck).
  3794 | D:5      | 3794 ||| Stepping randomly (stuck).
  3795 | D:5      | 3795 ||| Stepping randomly (stuck).
  3796 | D:5      | 3796 ||| Stepping randomly (stuck).
  3797 | D:5      | 3797 ||| Stepping randomly (stuck).
  3798 | D:5      | 3798 ||| Stepping randomly (stuck).
  3799 | D:5      | 3799 ||| Stepping randomly (stuck).
  3800 | D:5      | 3800 ||| Stepping randomly (stuck).
  3801 | D:5      | 3801 ||| Stepping randomly (stuck).
  3802 | D:5      | 3802 ||| Stepping randomly (stuck).
  3803 | D:5      | 3803 ||| Stepping randomly (stuck).
  3804 | D:5      | 3804 ||| Stepping randomly (stuck).
  3805 | D:5      | 3805 ||| Stepping randomly (stuck).
  3806 | D:5      | 3806 ||| Stepping randomly (stuck).
  3807 | D:5      | 3807 ||| Stepping randomly (stuck).
  3808 | D:5      | 3808 ||| Stepping randomly (stuck).
  3809 | D:5      | 3809 ||| Stepping randomly (stuck).
  3810 | D:5      | 3810 ||| Stepping randomly (stuck).
  3811 | D:5      | 3811 ||| Stepping randomly (stuck).
  3812 | D:5      | 3812 ||| Stepping randomly (stuck).
  3813 | D:5      | 3813 ||| Stepping randomly (stuck).
  3814 | D:5      | 3814 ||| Stepping randomly (stuck).
  3815 | D:5      | 3815 ||| Stepping randomly (stuck).
  3816 | D:5      | 3816 ||| Stepping randomly (stuck).
  3817 | D:5      | 3817 ||| Stepping randomly (stuck).
  3818 | D:5      | 3818 ||| Stepping randomly (stuck).
  3819 | D:5      | 3819 ||| Stepping randomly (stuck).
  3820 | D:5      | 3820 ||| Stepping randomly (stuck).
  3821 | D:5      | 3821 ||| Stepping randomly (stuck).
  3822 | D:5      | 3822 ||| Stepping randomly (stuck).
  3823 | D:5      | 3823 ||| Stepping randomly (stuck).
  3824 | D:5      | 3824 ||| Stepping randomly (stuck).
  3825 | D:5      | 3825 ||| Stepping randomly (stuck).
  3826 | D:5      | 3826 ||| Stepping randomly (stuck).
  3827 | D:5      | 3827 ||| Stepping randomly (stuck).
  3828 | D:5      | 3828 ||| Stepping randomly (stuck).
  3829 | D:5      | 3829 ||| Stepping randomly (stuck).
  3830 | D:5      | 3830 ||| Stepping randomly (stuck).
  3831 | D:5      | 3831 ||| Stepping randomly (stuck).
  3832 | D:5      | 3832 ||| Stepping randomly (stuck).
  3833 | D:5      | 3833 ||| Stepping randomly (stuck).
  3834 | D:5      | 3834 ||| Stepping randomly (stuck).
  3835 | D:5      | 3835 ||| Stepping randomly (stuck).
  3836 | D:5      | 3836 ||| Stepping randomly (stuck).
  3837 | D:5      | 3837 ||| Stepping randomly (stuck).
  3838 | D:5      | 3838 ||| Stepping randomly (stuck).
  3839 | D:5      | 3839 ||| Stepping randomly (stuck).
  3840 | D:5      | 3840 ||| Stepping randomly (stuck).
  3841 | D:5      | 3841 ||| Stepping randomly (stuck).
  3842 | D:5      | 3842 ||| Stepping randomly (stuck).
  3843 | D:5      | 3843 ||| Stepping randomly (stuck).
  3844 | D:5      | 3844 ||| Stepping randomly (stuck).
  3845 | D:5      | 3845 ||| Stepping randomly (stuck).
  3846 | D:5      | 3846 ||| Stepping randomly (stuck).
  3847 | D:5      | 3847 ||| Stepping randomly (stuck).
  3848 | D:5      | 3848 ||| Stepping randomly (stuck).
  3849 | D:5      | 3849 ||| Stepping randomly (stuck).
  3850 | D:5      | 3850 ||| Stepping randomly (stuck).
  3851 | D:5      | 3851 ||| Stepping randomly (stuck).
  3852 | D:5      | 3852 ||| Stepping randomly (stuck).
  3853 | D:5      | 3853 ||| Stepping randomly (stuck).
  3854 | D:5      | 3854 ||| Stepping randomly (stuck).
  3855 | D:5      | 3855 ||| Stepping randomly (stuck).
  3856 | D:5      | 3856 ||| Stepping randomly (stuck).
  3857 | D:5      | 3857 ||| Stepping randomly (stuck).
  3858 | D:5      | 3858 ||| Stepping randomly (stuck).
  3859 | D:5      | 3859 ||| Stepping randomly (stuck).
  3860 | D:5      | 3860 ||| Stepping randomly (stuck).
  3861 | D:5      | 3861 ||| Stepping randomly (stuck).
  3862 | D:5      | 3862 ||| Stepping randomly (stuck).
  3863 | D:5      | 3863 ||| Stepping randomly (stuck).
  3864 | D:5      | 3864 ||| Stepping randomly (stuck).
  3865 | D:5      | 3865 ||| Stepping randomly (stuck).
  3866 | D:5      | 3866 ||| Stepping randomly (stuck).
  3867 | D:5      | 3867 ||| Stepping randomly (stuck).
  3868 | D:5      | 3868 ||| Stepping randomly (stuck).
  3869 | D:5      | 3869 ||| Stepping randomly (stuck).
  3870 | D:5      | 3870 ||| Stepping randomly (stuck).
  3871 | D:5      | 3871 ||| Stepping randomly (stuck).
  3872 | D:5      | 3872 ||| Stepping randomly (stuck).
  3873 | D:5      | 3873 ||| Stepping randomly (stuck).
  3874 | D:5      | 3874 ||| Stepping randomly (stuck).
  3875 | D:5      | 3875 ||| Stepping randomly (stuck).
  3876 | D:5      | 3876 ||| Stepping randomly (stuck).
  3877 | D:5      | 3877 ||| Stepping randomly (stuck).
  3878 | D:5      | 3878 ||| Stepping randomly (stuck).
  3879 | D:5      | 3879 ||| Stepping randomly (stuck).
  3880 | D:5      | 3880 ||| Stepping randomly (stuck).
  3881 | D:5      | 3881 ||| Stepping randomly (stuck).
  3882 | D:5      | 3882 ||| Stepping randomly (stuck).
  3883 | D:5      | 3883 ||| Stepping randomly (stuck).
  3884 | D:5      | 3884 ||| Stepping randomly (stuck).
  3885 | D:5      | 3885 ||| Stepping randomly (stuck).
  3886 | D:5      | 3886 ||| Stepping randomly (stuck).
  3887 | D:5      | 3887 ||| Stepping randomly (stuck).
  3888 | D:5      | 3888 ||| Stepping randomly (stuck).
  3889 | D:5      | 3889 ||| Stepping randomly (stuck).
  3890 | D:5      | 3890 ||| Stepping randomly (stuck).
  3891 | D:5      | 3891 ||| Stepping randomly (stuck).
  3892 | D:5      | 3892 ||| Stepping randomly (stuck).
  3893 | D:5      | 3893 ||| Stepping randomly (stuck).
  3894 | D:5      | 3894 ||| Stepping randomly (stuck).
  3895 | D:5      | 3895 ||| Stepping randomly (stuck).
  3896 | D:5      | 3896 ||| Stepping randomly (stuck).
  3897 | D:5      | 3897 ||| Stepping randomly (stuck).
  3898 | D:5      | 3898 ||| Stepping randomly (stuck).
  3899 | D:5      | 3899 ||| Stepping randomly (stuck).
  3900 | D:5      | 3900 ||| Stepping randomly (stuck).
  3901 | D:5      | 3901 ||| Stepping randomly (stuck).
  3902 | D:5      | 3902 ||| Stepping randomly (stuck).
  3903 | D:5      | 3903 ||| Stepping randomly (stuck).
  3904 | D:5      | 3904 ||| Stepping randomly (stuck).
  3905 | D:5      | 3905 ||| Stepping randomly (stuck).
  3906 | D:5      | 3906 ||| Stepping randomly (stuck).
  3907 | D:5      | 3907 ||| Stepping randomly (stuck).
  3908 | D:5      | 3908 ||| Stepping randomly (stuck).
  3909 | D:5      | 3909 ||| Stepping randomly (stuck).
  3910 | D:5      | 3910 ||| Stepping randomly (stuck).
  3911 | D:5      | 3911 ||| Stepping randomly (stuck).
  3912 | D:5      | 3912 ||| Stepping randomly (stuck).
  3913 | D:5      | 3913 ||| Stepping randomly (stuck).
  3914 | D:5      | 3914 ||| Stepping randomly (stuck).
  3915 | D:5      | 3915 ||| Stepping randomly (stuck).
  3916 | D:5      | 3916 ||| Stepping randomly (stuck).
  3917 | D:5      | 3917 ||| Stepping randomly (stuck).
  3918 | D:5      | 3918 ||| Stepping randomly (stuck).
  3919 | D:5      | 3919 ||| Stepping randomly (stuck).
  3920 | D:5      | 3920 ||| Stepping randomly (stuck).
  3921 | D:5      | 3921 ||| Stepping randomly (stuck).
  3922 | D:5      | 3922 ||| Stepping randomly (stuck).
  3923 | D:5      | 3923 ||| Stepping randomly (stuck).
  3924 | D:5      | 3924 ||| Stepping randomly (stuck).
  3925 | D:5      | 3925 ||| Stepping randomly (stuck).
  3926 | D:5      | 3926 ||| Stepping randomly (stuck).
  3927 | D:5      | 3927 ||| Stepping randomly (stuck).
  3928 | D:5      | 3928 ||| Stepping randomly (stuck).
  3929 | D:5      | 3929 ||| Stepping randomly (stuck).
  3930 | D:5      | 3930 ||| Stepping randomly (stuck).
  3931 | D:5      | 3931 ||| Stepping randomly (stuck).
  3932 | D:5      | 3932 ||| Stepping randomly (stuck).
  3933 | D:5      | 3933 ||| Stepping randomly (stuck).
  3934 | D:5      | 3934 ||| Stepping randomly (stuck).
  3935 | D:5      | 3935 ||| Stepping randomly (stuck).
  3936 | D:5      | 3936 ||| Stepping randomly (stuck).
  3937 | D:5      | 3937 ||| Stepping randomly (stuck).
  3938 | D:5      | 3938 ||| Stepping randomly (stuck).
  3939 | D:5      | 3939 ||| Stepping randomly (stuck).
  3940 | D:5      | 3940 ||| Stepping randomly (stuck).
  3941 | D:5      | 3941 ||| Stepping randomly (stuck).
  3942 | D:5      | 3942 ||| Stepping randomly (stuck).
  3943 | D:5      | 3943 ||| Stepping randomly (stuck).
  3944 | D:5      | 3944 ||| Stepping randomly (stuck).
  3945 | D:5      | 3945 ||| Stepping randomly (stuck).
  3946 | D:5      | 3946 ||| Stepping randomly (stuck).
  3947 | D:5      | 3947 ||| Stepping randomly (stuck).
  3948 | D:5      | 3948 ||| Stepping randomly (stuck).
  3949 | D:5      | 3949 ||| Stepping randomly (stuck).
  3950 | D:5      | 3950 ||| Stepping randomly (stuck).
  3951 | D:5      | 3951 ||| Stepping randomly (stuck).
  3952 | D:5      | 3952 ||| Stepping randomly (stuck).
  3953 | D:5      | 3953 ||| Stepping randomly (stuck).
  3954 | D:5      | 3954 ||| Stepping randomly (stuck).
  3955 | D:5      | 3955 ||| Stepping randomly (stuck).
  3956 | D:5      | 3956 ||| Stepping randomly (stuck).
  3957 | D:5      | 3957 ||| Stepping randomly (stuck).
  3958 | D:5      | 3958 ||| Stepping randomly (stuck).
  3959 | D:5      | 3959 ||| Stepping randomly (stuck).
  3960 | D:5      | 3960 ||| Stepping randomly (stuck).
  3961 | D:5      | 3961 ||| Stepping randomly (stuck).
  3962 | D:5      | 3962 ||| Stepping randomly (stuck).
  3963 | D:5      | 3963 ||| Stepping randomly (stuck).
  3964 | D:5      | 3964 ||| Stepping randomly (stuck).
  3965 | D:5      | 3965 ||| Stepping randomly (stuck).
  3966 | D:5      | 3966 ||| Stepping randomly (stuck).
  3967 | D:5      | 3967 ||| Stepping randomly (stuck).
  3968 | D:5      | 3968 ||| Stepping randomly (stuck).
  3969 | D:5      | 3969 ||| Stepping randomly (stuck).
  3970 | D:5      | 3970 ||| Stepping randomly (stuck).
  3971 | D:5      | 3971 ||| Stepping randomly (stuck).
  3972 | D:5      | 3972 ||| Stepping randomly (stuck).
  3973 | D:5      | 3973 ||| Stepping randomly (stuck).
  3974 | D:5      | 3974 ||| Stepping randomly (stuck).
  3975 | D:5      | 3975 ||| Stepping randomly (stuck).
  3976 | D:5      | 3976 ||| Stepping randomly (stuck).
  3977 | D:5      | 3977 ||| Stepping randomly (stuck).
  3978 | D:5      | 3978 ||| Stepping randomly (stuck).
  3979 | D:5      | 3979 ||| Stepping randomly (stuck).
  3980 | D:5      | 3980 ||| Stepping randomly (stuck).
  3981 | D:5      | 3981 ||| Stepping randomly (stuck).
  3982 | D:5      | 3982 ||| Stepping randomly (stuck).
  3983 | D:5      | 3983 ||| Stepping randomly (stuck).
  3984 | D:5      | 3984 ||| Stepping randomly (stuck).
  3985 | D:5      | 3985 ||| Stepping randomly (stuck).
  3986 | D:5      | 3986 ||| Stepping randomly (stuck).
  3987 | D:5      | 3987 ||| Stepping randomly (stuck).
  3988 | D:5      | 3988 ||| Stepping randomly (stuck).
  3989 | D:5      | 3989 ||| Stepping randomly (stuck).
  3990 | D:5      | 3990 ||| Stepping randomly (stuck).
  3991 | D:5      | 3991 ||| Stepping randomly (stuck).
  3992 | D:5      | 3992 ||| Stepping randomly (stuck).
  3993 | D:5      | 3993 ||| Stepping randomly (stuck).
  3994 | D:5      | 3994 ||| Stepping randomly (stuck).
  3995 | D:5      | 3995 ||| Stepping randomly (stuck).
  3996 | D:5      | 3996 ||| Stepping randomly (stuck).
  3997 | D:5      | 3997 ||| Stepping randomly (stuck).
  3998 | D:5      | 3998 ||| Stepping randomly (stuck).
  3999 | D:5      | 3999 ||| Stepping randomly (stuck).
  4000 | D:5      | 4000 ||| Stepping randomly (stuck).
  4001 | D:5      | 4001 ||| Stepping randomly (stuck).
  4002 | D:5      | 4002 ||| Stepping randomly (stuck).
  4003 | D:5      | 4003 ||| Stepping randomly (stuck).
  4004 | D:5      | 4004 ||| Stepping randomly (stuck).
  4005 | D:5      | 4005 ||| Stepping randomly (stuck).
  4006 | D:5      | 4006 ||| Stepping randomly (stuck).
  4007 | D:5      | 4007 ||| Stepping randomly (stuck).
  4008 | D:5      | 4008 ||| Stepping randomly (stuck).
  4009 | D:5      | 4009 ||| Stepping randomly (stuck).
  4010 | D:5      | 4010 ||| Stepping randomly (stuck).
  4011 | D:5      | 4011 ||| Stepping randomly (stuck).
  4012 | D:5      | 4012 ||| Stepping randomly (stuck).
  4013 | D:5      | 4013 ||| Stepping randomly (stuck).
  4014 | D:5      | 4014 ||| Stepping randomly (stuck).
  4015 | D:5      | 4015 ||| Stepping randomly (stuck).
  4016 | D:5      | 4016 ||| Stepping randomly (stuck).
  4017 | D:5      | 4017 ||| Stepping randomly (stuck).
  4018 | D:5      | 4018 ||| Stepping randomly (stuck).
  4019 | D:5      | 4019 ||| Stepping randomly (stuck).
  4020 | D:5      | 4020 ||| Stepping randomly (stuck).
  4021 | D:5      | 4021 ||| Stepping randomly (stuck).
  4022 | D:5      | 4022 ||| Stepping randomly (stuck).
  4023 | D:5      | 4023 ||| Stepping randomly (stuck).
  4024 | D:5      | 4024 ||| Stepping randomly (stuck).
  4025 | D:5      | 4025 ||| Stepping randomly (stuck).
  4026 | D:5      | 4026 ||| Stepping randomly (stuck).
  4027 | D:5      | 4027 ||| Stepping randomly (stuck).
  4028 | D:5      | 4028 ||| Stepping randomly (stuck).
  4029 | D:5      | 4029 ||| Stepping randomly (stuck).
  4030 | D:5      | 4030 ||| Stepping randomly (stuck).
  4031 | D:5      | 4031 ||| Stepping randomly (stuck).
  4032 | D:5      | 4032 ||| Stepping randomly (stuck).
  4033 | D:5      | 4033 ||| Stepping randomly (stuck).
  4034 | D:5      | 4034 ||| Stepping randomly (stuck).
  4035 | D:5      | 4035 ||| Stepping randomly (stuck).
  4036 | D:5      | 4036 ||| Stepping randomly (stuck).
  4037 | D:5      | 4037 ||| Stepping randomly (stuck).
  4038 | D:5      | 4038 ||| Stepping randomly (stuck).
  4039 | D:5      | 4039 ||| Stepping randomly (stuck).
  4040 | D:5      | 4040 ||| Stepping randomly (stuck).
  4041 | D:5      | 4041 ||| Stepping randomly (stuck).
  4042 | D:5      | 4042 ||| Stepping randomly (stuck).
  4043 | D:5      | 4043 ||| Stepping randomly (stuck).
  4044 | D:5      | 4044 ||| Stepping randomly (stuck).
  4045 | D:5      | 4045 ||| Stepping randomly (stuck).
  4046 | D:5      | 4046 ||| Stepping randomly (stuck).
  4047 | D:5      | 4047 ||| Stepping randomly (stuck).
  4048 | D:5      | 4048 ||| Stepping randomly (stuck).
  4049 | D:5      | 4049 ||| Stepping randomly (stuck).
  4050 | D:5      | 4050 ||| Stepping randomly (stuck).
  4051 | D:5      | 4051 ||| Stepping randomly (stuck).
  4052 | D:5      | 4052 ||| Stepping randomly (stuck).
  4053 | D:5      | 4053 ||| Stepping randomly (stuck).
  4054 | D:5      | 4054 ||| Stepping randomly (stuck).
  4055 | D:5      | 4055 ||| Stepping randomly (stuck).
  4056 | D:5      | 4056 ||| Stepping randomly (stuck).
  4057 | D:5      | 4057 ||| Stepping randomly (stuck).
  4058 | D:5      | 4058 ||| Stepping randomly (stuck).
  4059 | D:5      | 4059 ||| Stepping randomly (stuck).
  4060 | D:5      | 4060 ||| Stepping randomly (stuck).
  4061 | D:5      | 4061 ||| Stepping randomly (stuck).
  4062 | D:5      | 4062 ||| Stepping randomly (stuck).
  4063 | D:5      | 4063 ||| Stepping randomly (stuck).
  4064 | D:5      | 4064 ||| Stepping randomly (stuck).
  4065 | D:5      | 4065 ||| Stepping randomly (stuck).
  4066 | D:5      | 4066 ||| Stepping randomly (stuck).
  4067 | D:5      | 4067 ||| Stepping randomly (stuck).
  4068 | D:5      | 4068 ||| Stepping randomly (stuck).
  4069 | D:5      | 4069 ||| Stepping randomly (stuck).
  4070 | D:5      | 4070 ||| Stepping randomly (stuck).
  4071 | D:5      | 4071 ||| Stepping randomly (stuck).
  4072 | D:5      | 4072 ||| Stepping randomly (stuck).
  4073 | D:5      | 4073 ||| Stepping randomly (stuck).
  4074 | D:5      | 4074 ||| Stepping randomly (stuck).
  4075 | D:5      | 4075 ||| Stepping randomly (stuck).
  4076 | D:5      | 4076 ||| Stepping randomly (stuck).
  4077 | D:5      | 4077 ||| Stepping randomly (stuck).
  4078 | D:5      | 4078 ||| Stepping randomly (stuck).
  4079 | D:5      | 4079 ||| Stepping randomly (stuck).
  4080 | D:5      | 4080 ||| Stepping randomly (stuck).
  4081 | D:5      | 4081 ||| Stepping randomly (stuck).
  4082 | D:5      | 4082 ||| Stepping randomly (stuck).
  4083 | D:5      | 4083 ||| Stepping randomly (stuck).
  4084 | D:5      | 4084 ||| Stepping randomly (stuck).
  4085 | D:5      | 4085 ||| Stepping randomly (stuck).
  4086 | D:5      | 4086 ||| Stepping randomly (stuck).
  4087 | D:5      | 4087 ||| Stepping randomly (stuck).
  4088 | D:5      | 4088 ||| Stepping randomly (stuck).
  4089 | D:5      | 4089 ||| Stepping randomly (stuck).
  4090 | D:5      | 4090 ||| Stepping randomly (stuck).
  4091 | D:5      | 4091 ||| Stepping randomly (stuck).
  4092 | D:5      | 4092 ||| Stepping randomly (stuck).
  4093 | D:5      | 4093 ||| Stepping randomly (stuck).
  4094 | D:5      | 4094 ||| Stepping randomly (stuck).
  4095 | D:5      | 4095 ||| Stepping randomly (stuck).
  4096 | D:5      | 4096 ||| Stepping randomly (stuck).
  4097 | D:5      | 4097 ||| Stepping randomly (stuck).
  4098 | D:5      | 4098 ||| Stepping randomly (stuck).
  4099 | D:5      | 4099 ||| Stepping randomly (stuck).
  4100 | D:5      | 4100 ||| Stepping randomly (stuck).
  4101 | D:5      | 4101 ||| Stepping randomly (stuck).
  4102 | D:5      | 4102 ||| Stepping randomly (stuck).
  4103 | D:5      | 4103 ||| Stepping randomly (stuck).
  4104 | D:5      | 4104 ||| Stepping randomly (stuck).
  4105 | D:5      | 4105 ||| Stepping randomly (stuck).
  4106 | D:5      | 4106 ||| Stepping randomly (stuck).
  4107 | D:5      | 4107 ||| Stepping randomly (stuck).
  4108 | D:5      | 4108 ||| Stepping randomly (stuck).
  4109 | D:5      | 4109 ||| Stepping randomly (stuck).
  4110 | D:5      | 4110 ||| Stepping randomly (stuck).
  4111 | D:5      | 4111 ||| Stepping randomly (stuck).
  4112 | D:5      | 4112 ||| Stepping randomly (stuck).
  4113 | D:5      | 4113 ||| Stepping randomly (stuck).
  4114 | D:5      | 4114 ||| Stepping randomly (stuck).
  4115 | D:5      | 4115 ||| Stepping randomly (stuck).
  4116 | D:5      | 4116 ||| Stepping randomly (stuck).
  4117 | D:5      | 4117 ||| Stepping randomly (stuck).
  4118 | D:5      | 4118 ||| Stepping randomly (stuck).
  4119 | D:5      | 4119 ||| Stepping randomly (stuck).
  4120 | D:5      | 4120 ||| Stepping randomly (stuck).
  4121 | D:5      | 4121 ||| Stepping randomly (stuck).
  4122 | D:5      | 4122 ||| Stepping randomly (stuck).
  4123 | D:5      | 4123 ||| Stepping randomly (stuck).
  4124 | D:5      | 4124 ||| Stepping randomly (stuck).
  4125 | D:5      | 4125 ||| Stepping randomly (stuck).
  4126 | D:5      | 4126 ||| Stepping randomly (stuck).
  4127 | D:5      | 4127 ||| Stepping randomly (stuck).
  4128 | D:5      | 4128 ||| Stepping randomly (stuck).
  4129 | D:5      | 4129 ||| Stepping randomly (stuck).
  4130 | D:5      | 4130 ||| Stepping randomly (stuck).
  4131 | D:5      | 4131 ||| Stepping randomly (stuck).
  4132 | D:5      | 4132 ||| Stepping randomly (stuck).
  4133 | D:5      | 4133 ||| Stepping randomly (stuck).
  4134 | D:5      | 4134 ||| Stepping randomly (stuck).
  4135 | D:5      | 4135 ||| Stepping randomly (stuck).
  4136 | D:5      | 4136 ||| Stepping randomly (stuck).
  4137 | D:5      | 4137 ||| Stepping randomly (stuck).
  4138 | D:5      | 4138 ||| Stepping randomly (stuck).
  4139 | D:5      | 4139 ||| Stepping randomly (stuck).
  4140 | D:5      | 4140 ||| Stepping randomly (stuck).
  4141 | D:5      | 4141 ||| Stepping randomly (stuck).
  4142 | D:5      | 4142 ||| Stepping randomly (stuck).
  4143 | D:5      | 4143 ||| Stepping randomly (stuck).
  4144 | D:5      | 4144 ||| Stepping randomly (stuck).
  4145 | D:5      | 4145 ||| Stepping randomly (stuck).
  4146 | D:5      | 4146 ||| Stepping randomly (stuck).
  4147 | D:5      | 4147 ||| Stepping randomly (stuck).
  4148 | D:5      | 4148 ||| Stepping randomly (stuck).
  4149 | D:5      | 4149 ||| Stepping randomly (stuck).
  4150 | D:5      | 4150 ||| Stepping randomly (stuck).
  4151 | D:5      | 4151 ||| Stepping randomly (stuck).
  4152 | D:5      | 4152 ||| Stepping randomly (stuck).
  4153 | D:5      | 4153 ||| Stepping randomly (stuck).
  4154 | D:5      | 4154 ||| Stepping randomly (stuck).
  4155 | D:5      | 4155 ||| Stepping randomly (stuck).
  4156 | D:5      | 4156 ||| Stepping randomly (stuck).
  4157 | D:5      | 4157 ||| Stepping randomly (stuck).
  4158 | D:5      | 4158 ||| Stepping randomly (stuck).
  4159 | D:5      | 4159 ||| Stepping randomly (stuck).
  4160 | D:5      | 4160 ||| Stepping randomly (stuck).
  4161 | D:5      | 4161 ||| Stepping randomly (stuck).
  4162 | D:5      | 4162 ||| Stepping randomly (stuck).
  4163 | D:5      | 4163 ||| Stepping randomly (stuck).
  4164 | D:5      | 4164 ||| Stepping randomly (stuck).
  4165 | D:5      | 4165 ||| Stepping randomly (stuck).
  4166 | D:5      | 4166 ||| Stepping randomly (stuck).
  4167 | D:5      | 4167 ||| Stepping randomly (stuck).
  4168 | D:5      | 4168 ||| Stepping randomly (stuck).
  4169 | D:5      | 4169 ||| Stepping randomly (stuck).
  4170 | D:5      | 4170 ||| Stepping randomly (stuck).
  4171 | D:5      | 4171 ||| Stepping randomly (stuck).
  4172 | D:5      | 4172 ||| Stepping randomly (stuck).
  4173 | D:5      | 4173 ||| Stepping randomly (stuck).
  4174 | D:5      | 4174 ||| Stepping randomly (stuck).
  4175 | D:5      | 4175 ||| Stepping randomly (stuck).
  4176 | D:5      | 4176 ||| Stepping randomly (stuck).
  4177 | D:5      | 4177 ||| Stepping randomly (stuck).
  4178 | D:5      | 4178 ||| Stepping randomly (stuck).
  4179 | D:5      | 4179 ||| Stepping randomly (stuck).
  4180 | D:5      | 4180 ||| Stepping randomly (stuck).
  4181 | D:5      | 4181 ||| Stepping randomly (stuck).
  4182 | D:5      | 4182 ||| Stepping randomly (stuck).
  4183 | D:5      | 4183 ||| Stepping randomly (stuck).
  4184 | D:5      | 4184 ||| Stepping randomly (stuck).
  4185 | D:5      | 4185 ||| Stepping randomly (stuck).
  4186 | D:5      | 4186 ||| Stepping randomly (stuck).
  4187 | D:5      | 4187 ||| Stepping randomly (stuck).
  4188 | D:5      | 4188 ||| Stepping randomly (stuck).
  4189 | D:5      | 4189 ||| Stepping randomly (stuck).
  4190 | D:5      | 4190 ||| Stepping randomly (stuck).
  4191 | D:5      | 4191 ||| Stepping randomly (stuck).
  4192 | D:5      | 4192 ||| Stepping randomly (stuck).
  4193 | D:5      | 4193 ||| Stepping randomly (stuck).
  4194 | D:5      | 4194 ||| Stepping randomly (stuck).
  4195 | D:5      | 4195 ||| Stepping randomly (stuck).
  4196 | D:5      | 4196 ||| Stepping randomly (stuck).
  4197 | D:5      | 4197 ||| Stepping randomly (stuck).
  4198 | D:5      | 4198 ||| Stepping randomly (stuck).
  4199 | D:5      | 4199 ||| Stepping randomly (stuck).
  4200 | D:5      | 4200 ||| Stepping randomly (stuck).
  4201 | D:5      | 4201 ||| Stepping randomly (stuck).
  4202 | D:5      | 4202 ||| Stepping randomly (stuck).
  4203 | D:5      | 4203 ||| Stepping randomly (stuck).
  4204 | D:5      | 4204 ||| Stepping randomly (stuck).
  4205 | D:5      | 4205 ||| Stepping randomly (stuck).
  4206 | D:5      | 4206 ||| Stepping randomly (stuck).
  4207 | D:5      | 4207 ||| Stepping randomly (stuck).
  4208 | D:5      | 4208 ||| Stepping randomly (stuck).
  4209 | D:5      | 4209 ||| Stepping randomly (stuck).
  4210 | D:5      | 4210 ||| Stepping randomly (stuck).
  4211 | D:5      | 4211 ||| Stepping randomly (stuck).
  4212 | D:5      | 4212 ||| Stepping randomly (stuck).
  4213 | D:5      | 4213 ||| Stepping randomly (stuck).
  4214 | D:5      | 4214 ||| Stepping randomly (stuck).
  4215 | D:5      | 4215 ||| Stepping randomly (stuck).
  4216 | D:5      | 4216 ||| Stepping randomly (stuck).
  4217 | D:5      | 4217 ||| Stepping randomly (stuck).
  4218 | D:5      | 4218 ||| Stepping randomly (stuck).
  4219 | D:5      | 4219 ||| Stepping randomly (stuck).
  4220 | D:5      | 4220 ||| Stepping randomly (stuck).
  4221 | D:5      | 4221 ||| Stepping randomly (stuck).
  4222 | D:5      | 4222 ||| Stepping randomly (stuck).
  4223 | D:5      | 4223 ||| Stepping randomly (stuck).
  4224 | D:5      | 4224 ||| Stepping randomly (stuck).
  4225 | D:5      | 4225 ||| Stepping randomly (stuck).
  4226 | D:5      | 4226 ||| Stepping randomly (stuck).
  4227 | D:5      | 4227 ||| Stepping randomly (stuck).
  4228 | D:5      | 4228 ||| Stepping randomly (stuck).
  4229 | D:5      | 4229 ||| Stepping randomly (stuck).
  4230 | D:5      | 4230 ||| Stepping randomly (stuck).
  4231 | D:5      | 4231 ||| Stepping randomly (stuck).
  4232 | D:5      | 4232 ||| Stepping randomly (stuck).
  4233 | D:5      | 4233 ||| Stepping randomly (stuck).
  4234 | D:5      | Quit the game

Levels and vault maps discovered:
D:1:      dpeg_arrival_solitude, layout_rooms, minmay_lizard_king
D:2:      layout_loops_ring, basic_altar, serial_shops,
          nicolae_shop_real_fake_doors, hellmonk_ecumenical_altar_leap_of_faith,
          supply_closet_lemuel
D:3:      layout_basic, nicolae_hexahallways, uniq_natasha
D:4:      layout_loops_cross, uniq_blork_the_orc, uniq_crazy_yiuf_cottage
D:5:      layout_basic, grunt_dithmenos_smoke, minmay_temple_entry_butterflies,
          gammafunk_ghost_mausoleum, cheibrodos_gnoll_hut
D:6:      layout_basic, makhleb_altar_promises_db, nicolae_gozag_seed_capital,
          minmay_joined_circles, uniq_sigmund, uniq_duvessa

Skill      XL: |  1  2  3  4  5  6  7 |
---------------+----------------------+-----
Axes           | 2 3 4 5 6 |  6.7
Throwing       | 1 |  1.0
Fighting       | 4 |  4.3
Dodging        | 1 |  1.2
Armour         | |  3.2
Shields        | |  3.2

Action                     |  1- 3 |  4- 6 |  7- 9 || total
---------------------------+-------+-------+-------++-------
  Melee: War axe           |   109 |    83 |    24 ||   216
         Kick              |       |    14 |     7 ||    21
  Throw: Javelin           |     6 |    20 |     1 ||    27
         Boomerang         |     5 |     1 |     5 ||    11
    Use: Scroll            |     2 |     7 |     3 ||    12
         Potion            |     1 |     3 |       ||     4
 Armour: Scale mail        |    43 |    61 |    16 ||   120
  Dodge: Dodged            |    46 |    33 |     5 ||    84
  Block: Buckler           |    15 |    17 |     4 ||    36

Table legend:
 A = Non-vault XP
 B = Vault XP
 C = Vault XP percentage of total XP
 D = Non-vault monster count
 E = Vault monster count
 F = Vault count percentage of total count
                 A         B        C        D         E       F
            +---------+---------+-------+---------+---------+-------
      Total |     873 |      44 |   4.8 |      84 |      10 |  10.6
            +---------+---------+-------+---------+---------+-------
        D:1 |      40 |       9 |  18.4 |      26 |       9 |  25.7
        D:2 |      33 |       0 |   0.0 |      17 |       0 |   0.0
        D:3 |     150 |      35 |  18.9 |      20 |       1 |   4.8
        D:4 |     180 |       0 |   0.0 |       8 |       0 |   0.0
        D:5 |     126 |       0 |   0.0 |       1 |       0 |   0.0
        D:6 |     344 |       0 |   0.0 |      12 |       0 |   0.0
            +---------+---------+-------+---------+---------+-------
